| TOP OF THE 1ST |
|
Salt Lake Bees batting - Pitching for Tacoma Rainiers : RHP Justin Lee
|
|
Pitching: RHP Justin Lee
|
|
|
Batting: LHB Justin Alexander
|
0-0: Fly out, F6 (Flyball, 56D, EV 86.9 MPH)
|
|
Batting: LHB James McCauley
|
0-0: Ball 1-0: Ball 2-0: SINGLE (Flyball, 7LS, EV 95.0 MPH)
|
|
Batting: RHB Ryan Munro
|
0-0: Called Strike 0-1: Called Strike 0-2: Ball 1-2: SINGLE (Line Drive, 7S, EV 90.0 MPH) James McCauley to second
|
|
Batting: LHB Jonathon Walton
|
0-0: Ball 1-0: Ball 2-0: Called Strike 2-1: DOUBLE (Flyball, 8RXD, EV 106.9 MPH) James McCauley scores Ryan Munro to third Runner from 3rd tries for Home, SAFE, no throw by CF
|
|
Batting: RHB Melvin Gomez
|
0-0: Ball 1-0: Called Strike 1-1: Foul Ball, location: 2F 1-2: Ball 2-2: Ball 3-2: Strikes out swinging
|
|
Batting: LHB Brett Bugge
|
0-0: Called Strike 0-1: Called Strike 0-2: Ball 1-2: Foul Ball, location: 2F 1-2: Strikes out swinging
|
| Top of the 1st over - 2 runs, 3 hits, 0 errors, 1 left on base; Salt Lake 2 - Tacoma 0 |
| BOTTOM OF THE 1ST |
|
Tacoma Rainiers batting - Pitching for Salt Lake Bees : RHP Allen Weaver
|
|
Pitching: RHP Allen Weaver
|
|
|
Batting: RHB Brad Robidas
|
0-0: Called Strike 0-1: Bunt missed! 0-2: Ball 1-2: Ball 2-2: Ball 3-2: Foul Ball, location: 2F 3-2: Ground out 4-3 (Groundball, 34, EV 91.9 MPH)
|
|
Batting: RHB Enrique Valdez
|
0-0: Ball 1-0: Ball 2-0: Foul Ball, location: 2F 2-1: Ball 3-1: Base on Balls
|
|
Batting: LHB Josh Pittman
|
0-0: Ball 1-0: Fly out, F7 (Flyball, 7LM, EV 82.5 MPH)
|
|
Batting: LHB Ryan Lowe
|
0-0: Ball 1-0: Called Strike 1-1: Ball 2-1: Foul Ball, location: 2F 2-2: Ball 3-2: Foul Ball, location: 2F 3-2: Foul Ball, location: 2F 3-2: Strikes out swinging, 2-3 out at first.
|
| Bottom of the 1st over - 0 runs, 0 hits, 0 errors, 1 left on base; Salt Lake 2 - Tacoma 0 |
| TOP OF THE 2ND |
|
Salt Lake Bees batting - Pitching for Tacoma Rainiers : RHP Justin Lee
|
|
Batting: RHB Jeff Long
|
0-0: Called Strike 0-1: Foul Ball, location: 2F 0-2: Ball 1-2: Strikes out looking
|
|
Batting: RHB Kian-tat Chen
|
0-0: Ball 1-0: SINGLE (Line Drive, 78S, EV 91.2 MPH)
|
|
Batting: RHB Juan Rosa
|
0-0: Ball 1-0: Reached on error, E5 (Groundball, 56, EV 82.5 MPH) Kian-tat Chen to second
|
|
Batting: LHB Justin Alexander
|
0-0: Ball 1-0: Ball 2-0: Ball 3-0: Called Strike 3-1: Fielders Choice at 2nd, 4-6 (Groundball, 4S, EV 78.8 MPH) Kian-tat Chen to third
|
|
Batting: LHB James McCauley
|
0-0: Called Strike 0-1: Ball 1-1: Called Strike 1-2: Strikes out looking
|
| Top of the 2nd over - 0 runs, 1 hit, 1 error, 2 left on base; Salt Lake 2 - Tacoma 0 |
| BOTTOM OF THE 2ND |
|
Tacoma Rainiers batting - Pitching for Salt Lake Bees : RHP Allen Weaver
|
|
Batting: SHB Ray Skogen
|
0-0: Ball 1-0: Ball 2-0: Ball 3-0: Called Strike 3-1: Base on Balls
|
|
Batting: RHB Josh Ruhl
|
0-0: SINGLE (Groundball, 6M, EV 100.6 MPH) Ray Skogen to second
|
|
Batting: RHB Rick Ellis
|
0-0: Ball 1-0: Foul Ball, location: 2F 1-1: Swinging Strike 1-2: Foul Ball, location: 2F 1-2: Foul Ball, location: 2F 1-2: Strikes out swinging
|
|
Batting: RHB Chris Olheiser
|
0-0: Called Strike Ray Skogen steals 3rd base Josh Ruhl to second 0-1: Foul Ball, location: 2F 0-2: Strikes out looking
|
|
Batting: RHB Zach Downs
|
0-0: SINGLE (Groundball, 56D, EV 96.9 MPH) Ray Skogen scores Josh Ruhl to third Runner from 3rd tries for Home, SAFE, throw by LF to home Zach Downs to second
|
|
Batting: RHB Brad Robidas
|
0-0: Fly out, F8 (Flyball, 8RM, EV 90.0 MPH)
|
| Bottom of the 2nd over - 2 runs, 2 hits, 0 errors, 1 left on base; Salt Lake 2 - Tacoma 2 |
| TOP OF THE 3RD |
|
Salt Lake Bees batting - Pitching for Tacoma Rainiers : RHP Justin Lee
|
|
Batting: RHB Ryan Munro
|
0-0: Ball 1-0: SINGLE (Line Drive, 9S, EV 101.9 MPH)
|
|
Batting: LHB Jonathon Walton
|
0-0: Ball 1-0: Called Strike 1-1: Foul Ball, location: 2F 1-2: Ball 2-2: Ball 3-2: Base on Balls Ryan Munro to second
|
|
Batting: RHB Melvin Gomez
|
0-0: Ball 1-0: Called Strike 1-1: Foul Ball, location: 2F 1-2: Fly out, F8 (Flyball, 8LD, EV 85.6 MPH)
|
|
Batting: LHB Brett Bugge
|
0-0: Ball 1-0: Ground out 5-3 (Groundball, 5L, EV 104.4 MPH) Ryan Munro to third Jonathon Walton to second
|
|
Batting: RHB Jeff Long
|
0-0: Ball 1-0: Ball 2-0: Called Strike 2-1: Foul Ball, location: 2F 2-2: SINGLE (Flyball, 8LM, EV 91.2 MPH) Ryan Munro scores Jonathon Walton to third Runner from 3rd tries for Home, SAFE, throw by CF to home
|
|
Batting: RHB Kian-tat Chen
|
0-0: Foul Ball, location: 2F 0-1: Foul Ball, location: 2F 0-2: Ball 1-2: Ground out 1-3 (Groundball, 34S, EV 63.8 MPH)
|
| Top of the 3rd over - 2 runs, 2 hits, 0 errors, 1 left on base; Salt Lake 4 - Tacoma 2 |
| BOTTOM OF THE 3RD |
|
Tacoma Rainiers batting - Pitching for Salt Lake Bees : RHP Allen Weaver
|
|
Batting: RHB Enrique Valdez
|
0-0: Fly out, F8 (Flyball, 8RD, EV 105.6 MPH)
|
|
Batting: LHB Josh Pittman
|
0-0: Ball 1-0: Ball 2-0: Called Strike 2-1: Fly out, F7 (Flyball, 7D, EV 96.2 MPH)
|
|
Batting: LHB Ryan Lowe
|
0-0: Called Strike 0-1: Called Strike 0-2: Strikes out swinging
|
| Bottom of the 3rd over - 0 runs, 0 hits, 0 errors, 0 left on base; Salt Lake 4 - Tacoma 2 |
| TOP OF THE 4TH |
|
Salt Lake Bees batting - Pitching for Tacoma Rainiers : RHP Justin Lee
|
|
Batting: RHB Juan Rosa
|
0-0: Fly out, F8 (Line Drive, 8RM, EV 93.8 MPH)
|
|
Batting: LHB Justin Alexander
|
0-0: Ball 1-0: Ball 2-0: Ball 3-0: Called Strike 3-1: Fly out, F8 (Flyball, 8RD, EV 101.2 MPH)
|
|
Batting: LHB James McCauley
|
0-0: Called Strike 0-1: Ball 1-1: SINGLE (Groundball, 34, EV 97.5 MPH) (infield hit)
|
|
Batting: RHB Ryan Munro
|
0-0: Ball 1-0: Fly out, F7 (Flyball, 7S, EV 86.2 MPH)
|
| Top of the 4th over - 0 runs, 1 hit, 0 errors, 1 left on base; Salt Lake 4 - Tacoma 2 |
| BOTTOM OF THE 4TH |
|
Tacoma Rainiers batting - Pitching for Salt Lake Bees : RHP Allen Weaver
|
|
Batting: SHB Ray Skogen
|
0-0: Foul Ball, location: 2F 0-1: Called Strike 0-2: Strikes out looking
|
|
Batting: RHB Josh Ruhl
|
0-0: Called Strike 0-1: Ball 1-1: Called Strike 1-2: Ball 2-2: Ball 3-2: Base on Balls
|
|
Batting: RHB Rick Ellis
|
0-0: Ball 1-0: Ball 2-0: Called Strike 2-1: Fielders Choice at 2nd, 1-4 (Groundball, P, EV 67.5 MPH)
|
|
Batting: RHB Chris Olheiser
|
0-0: Fly out, F9 (Flyball, 9LSF, EV 80.0 MPH)
|
| Bottom of the 4th over - 0 runs, 0 hits, 0 errors, 1 left on base; Salt Lake 4 - Tacoma 2 |
| TOP OF THE 5TH |
|
Salt Lake Bees batting - Pitching for Tacoma Rainiers : RHP Justin Lee
|
|
Batting: LHB Jonathon Walton
|
0-0: Ball 1-0: Ball 2-0: Called Strike 2-1: Foul Ball, location: 2F 2-2: Foul Ball, location: 2F 2-2: Ball 3-2: Foul Ball, location: 2F 3-2: Strikes out swinging
|
|
Batting: RHB Melvin Gomez
|
0-0: SINGLE (Flyball, 4D, EV 82.5 MPH)
|
|
Batting: LHB Brett Bugge
|
0-0: SINGLE (Flyball, 5D, EV 93.1 MPH) Melvin Gomez to second
|
|
Batting: RHB Jeff Long
|
0-0: Ball 1-0: Fly out, F7 (Line Drive, 78D, EV 91.9 MPH)
|
|
Batting: RHB Kian-tat Chen
|
0-0: Swinging Strike 0-1: Ball 1-1: Swinging Strike 1-2: Foul Ball, location: 2F 1-2: Ball 2-2: Ball 3-2: Fly out, F9 (Flyball, 9D, EV 105.0 MPH)
|
| Top of the 5th over - 0 runs, 2 hits, 0 errors, 2 left on base; Salt Lake 4 - Tacoma 2 |
| BOTTOM OF THE 5TH |
|
Tacoma Rainiers batting - Pitching for Salt Lake Bees : RHP Allen Weaver
|
|
Batting: RHB Zach Downs
|
0-0: Ball 1-0: Ball 2-0: Called Strike 2-1: Swinging Strike 2-2: Foul Ball, location: 2F 2-2: Fly out, F5 (Popup, 5SF, EV 81.9 MPH)
|
|
Batting: RHB Brad Robidas
|
0-0: Fly out, F8 (Flyball, 8RD, EV 97.5 MPH)
|
|
Batting: RHB Enrique Valdez
|
0-0: Ball 1-0: Ball 2-0: Ball 3-0: Called Strike 3-1: Base on Balls
|
|
Batting: LHB Josh Pittman
|
0-0: Fly out, F2 (Popup, 25F, EV 77.5 MPH)
|
| Bottom of the 5th over - 0 runs, 0 hits, 0 errors, 1 left on base; Salt Lake 4 - Tacoma 2 |
| TOP OF THE 6TH |
|
Salt Lake Bees batting - Pitching for Tacoma Rainiers : RHP Justin Lee
|
|
Batting: RHB Juan Rosa
|
0-0: Ball 1-0: DOUBLE (Line Drive, 7LS, EV 100.6 MPH)
|
|
Pitching: LHP Rentaro Minami
|
|
|
Batting: LHB Justin Alexander
|
0-0: Ground out 3-1 (Groundball, 34S, EV 86.9 MPH) Juan Rosa to third
|
|
Batting: LHB James McCauley
|
0-0: Ball 1-0: Called Strike 1-1: Ball 2-1: Foul Ball, location: 2F 2-2: Strikes out swinging
|
|
Batting: RHB Ryan Munro
|
0-0: Ball 1-0: Ball 2-0: Foul Ball, location: 2F 2-1: Foul Ball, location: 2F 2-2: Ball 3-2: Base on Balls
|
|
Batting: LHB Jonathon Walton
|
0-0: Ground out 2-3 (Groundball, 2R, EV 71.9 MPH)
|
| Top of the 6th over - 0 runs, 1 hit, 0 errors, 2 left on base; Salt Lake 4 - Tacoma 2 |
| BOTTOM OF THE 6TH |
|
Tacoma Rainiers batting - Pitching for Salt Lake Bees : RHP Allen Weaver
|
|
Pitching: RHP Joe Beam
|
|
|
Batting: LHB Ryan Lowe
|
0-0: Foul Ball, location: 2F 0-1: Ball 1-1: Swinging Strike 1-2: Ball 2-2: Strikes out swinging
|
|
Batting: SHB Ray Skogen
|
0-0: Ball 1-0: Ground out 4-3 (Groundball, 4S, EV 71.2 MPH)
|
|
Batting: RHB Josh Ruhl
|
0-0: Fly out, F4 (Popup, 4S, EV 78.1 MPH)
|
| Bottom of the 6th over - 0 runs, 0 hits, 0 errors, 0 left on base; Salt Lake 4 - Tacoma 2 |
| TOP OF THE 7TH |
|
Salt Lake Bees batting - Pitching for Tacoma Rainiers : LHP Rentaro Minami
|
|
Batting: RHB Melvin Gomez
|
0-0: Ball 1-0: Ball 2-0: Ground out 4-3 (Groundball, 4, EV 85.0 MPH)
|
|
Batting: LHB Brett Bugge
|
0-0: Ball 1-0: Swinging Strike 1-1: Ball 2-1: Ball 3-1: Called Strike 3-2: Fly out, F3 (Popup, 3F, EV 74.4 MPH)
|
|
Batting: RHB Jeff Long
|
0-0: Foul Ball, location: 2F 0-1: Ball 1-1: Ball 2-1: Ball 3-1: Base on Balls
|
|
Batting: RHB Kian-tat Chen
|
0-0: Ball Jeff Long steals 2nd base 1-0: Ball 2-0: Foul Ball, location: 2F 2-1: Ball 3-1: Ground out U3 (Groundball, 13, EV 81.2 MPH)
|
| Top of the 7th over - 0 runs, 0 hits, 0 errors, 1 left on base; Salt Lake 4 - Tacoma 2 |
| BOTTOM OF THE 7TH |
|
Tacoma Rainiers batting - Pitching for Salt Lake Bees : RHP Joe Beam
|
|
Pitching: RHP Eric Cunningham
|
|
|
Batting: RHB Rick Ellis
|
0-0: Ball 1-0: Foul Ball, location: 2F 1-1: Ball 2-1: Ground out 6-3 (Groundball, 6, EV 90.6 MPH)
|
|
Batting: RHB Chris Olheiser
|
0-0: Called Strike 0-1: Ball 1-1: Foul Ball, location: 2F 1-2: Ball 2-2: DOUBLE (Line Drive, 9LM, EV 101.2 MPH)
|
|
Batting: RHB Zach Downs
|
0-0: Fly out, F8 (Line Drive, 89M, EV 103.8 MPH)
|
|
Batting: RHB Brad Robidas
|
0-0: SINGLE (Line Drive, 8RS, EV 102.5 MPH) Chris Olheiser to third
|
|
Batting: RHB Enrique Valdez
|
0-0: Ball 1-0: Called Strike 1-1: Foul Ball, location: 2F 1-2: Foul Ball, location: 2F 1-2: DOUBLE (Line Drive, 9LS, EV 106.2 MPH) Chris Olheiser scores Brad Robidas to third Runner from 3rd tries for Home, throw by RF and OUT! 9-2
|
| Bottom of the 7th over - 1 run, 3 hits, 0 errors, 1 left on base; Salt Lake 4 - Tacoma 3 |
| TOP OF THE 8TH |
|
Salt Lake Bees batting - Pitching for Tacoma Rainiers : LHP Rentaro Minami
|
|
Pitching: RHP Jace Daniels
|
|
|
Batting: RHB Juan Rosa
|
0-0: Ground out 4-3 (Groundball, 4, EV 78.1 MPH)
|
|
Batting: LHB Justin Alexander
|
0-0: Ball 1-0: Called Strike 1-1: Swinging Strike 1-2: Foul Ball, location: 2F 1-2: Ball 2-2: Strikes out swinging
|
|
Batting: LHB James McCauley
|
0-0: DOUBLE (Groundball, 3L, EV 102.5 MPH)
|
|
Batting: RHB Ryan Munro
|
0-0: Ball Wild Pitch! James McCauley to third 1-0: Called Strike 1-1: Called Strike 1-2: SINGLE (Flyball, 78S, EV 100.6 MPH) James McCauley scores
|
|
Batting: LHB Jonathon Walton
|
0-0: Ball 1-0: Ball 2-0: Foul Ball, location: 2F 2-1: Ball 3-1: Base on Balls Ryan Munro to second
|
|
Batting: RHB Melvin Gomez
|
0-0: Called Strike 0-1: Ball 1-1: Foul Ball, location: 2F 1-2: Strikes out swinging
|
| Top of the 8th over - 1 run, 2 hits, 0 errors, 2 left on base; Salt Lake 5 - Tacoma 3 |
| BOTTOM OF THE 8TH |
|
Tacoma Rainiers batting - Pitching for Salt Lake Bees : RHP Eric Cunningham
|
|
Pitching: RHP Harry Christopher
|
|
|
Batting: LHB Josh Pittman
|
0-0: SINGLE (Groundball, 4MD, EV 108.8 MPH)
|
|
Batting: LHB Ryan Lowe
|
0-0: Ball 1-0: Ball 2-0: Foul Ball, location: 2F 2-1: Called Strike 2-2: Ball 3-2: Strikes out swinging
|
|
Batting: SHB Ray Skogen
|
0-0: Ball 1-0: Fielders Choice at 2nd, 4-6 (Groundball, 4, EV 107.5 MPH)
|
|
Batting: RHB Josh Ruhl
|
0-0: Swinging Strike 0-1: Called Strike 0-2: Strikes out swinging
|
| Bottom of the 8th over - 0 runs, 1 hit, 0 errors, 1 left on base; Salt Lake 5 - Tacoma 3 |
| TOP OF THE 9TH |
|
Salt Lake Bees batting - Pitching for Tacoma Rainiers : RHP Jace Daniels
|
|
Batting: LHB Brett Bugge
|
0-0: Ball 1-0: Called Strike 1-1: Ball 2-1: Ball 3-1: Base on Balls
|
|
Batting: RHB Jeff Long
|
0-0: Ball 1-0: Bunt missed! 1-1: Ball 2-1: Ball 3-1: Bunt missed! 3-2: Base on Balls Brett Bugge to second
|
|
Batting: RHB Kian-tat Chen
|
0-0: Called Strike 0-1: Ball 1-1: Ball 2-1: Foul Ball, location: 2F 2-2: Ground out 5-3 (Groundball, 56S, EV 61.2 MPH) Brett Bugge to third Jeff Long to second
|
|
Batting: RHB Juan Rosa
|
0-0: Swinging Strike 0-1: Ball 1-1: Ball 2-1: Foul Ball, location: 2F 2-2: DOUBLE (Line Drive, 7LD, EV 88.1 MPH) Brett Bugge scores Jeff Long scores
|
|
Pitching: RHP Chris Julien
|
|
|
Batting: LHB Justin Alexander
|
0-0: Fly out, F8 (Flyball, 78D, EV 90.0 MPH)
|
|
Batting: LHB James McCauley
|
0-0: Foul Ball, location: 2F 0-1: Ground out 4-3 (Groundball, 4, EV 77.5 MPH)
|
| Top of the 9th over - 2 runs, 1 hit, 0 errors, 1 left on base; Salt Lake 7 - Tacoma 3 |
| BOTTOM OF THE 9TH |
|
Tacoma Rainiers batting - Pitching for Salt Lake Bees : RHP Harry Christopher
|
|
Pitching: RHP Danny Nava
|
|
|
Batting: RHB Rick Ellis
|
0-0: Ball 1-0: Fly out, F9 (Flyball, 9, EV 91.2 MPH)
|
|
Batting: RHB Chris Olheiser
|
0-0: Ball 1-0: Called Strike 1-1: Ball 2-1: Called Strike 2-2: Ground out 4-3 (Groundball, 4, EV 93.1 MPH)
|
|
Batting: RHB Zach Downs
|
0-0: Called Strike 0-1: Foul Ball, location: 2F 0-2: Ball 1-2: Foul Ball, location: 2F 1-2: Ball 2-2: Ball 3-2: Foul Ball, location: 2F 3-2: Ground out 5-3 (Groundball, 56, EV 82.5 MPH)
|
| Bottom of the 9th over - 0 runs, 0 hits, 0 errors, 0 left on base; Salt Lake 7 - Tacoma 3 |
|